 Dungeon Crawl Stone Soup version 0.28-a0-1510-gd0f6b136d3 (webtiles) character file.

Game seed: 11587877618414283913

2263 Crownlay the Carver (level 9, -1/78 HPs)
             Began as a Minotaur Gladiator on Jan 15, 2022.
             Was a Follower of Okawaru.
             Slain by a hornet (13 damage)
             ... on level 7 of the Dungeon.
             The game lasted 00:11:29 (9119 turns).

Crownlay the Carver (Minotaur Gladiator)            Turns: 9119, Time: 00:11:30

Health: -1/78      AC:  6    Str: 29    XL:     9   Next: 15%
Magic:  11/11      EV: 11    Int:  5    God:    Okawaru [*.....]
Gold:   470        SH:  0    Dex: 12    Spells: 8/8 levels left

rFire   . . .      SeeInvis .   a - +0 long sword
rCold   . . .      Faith    .   (no shield)
rNeg    . . .      Spirit   .   e - +0 scale mail
rPois   .          Reflect  .   c - +0 hat
rElec   .          Harm     .   (no cloak)
rCorr   .          Rampage  .   (no gloves)
Will    +....                   (no boots)
Stlth   ..........              F - amulet of the acrobat
HPRegen 0.23/turn               p - ring of willpower
MPRegen 0.12/turn               G - +6 ring of strength

@: lethally poisoned (-1 -> -13), slowed, very slow
A: horns 2, retaliatory headbutt
a: Renounce Religion, Heroism


You were on level 7 of the Dungeon.
You worshipped Okawaru.
Okawaru was aware of your devotion.
You visited 2 branches of the dungeon, and saw 8 of its levels.
You also visited: Ossuary.

You collected 550 gold pieces.
You spent 80 gold pieces at shops.

Inventory:

Hand Weapons
 a - a +0 long sword (weapon)
Missiles
 o - a boomerang (quivered)
 v - 22 poisoned darts
 J - a curare-tipped dart
Armour
 c - a +0 hat (worn)
 e - a +0 scale mail (worn)
Jewellery
 p - a ring of willpower (left hand)
 F - an amulet of the acrobat (around neck)
 G - a +6 ring of strength (right hand)
 I - an amulet of guardian spirit
Scrolls
 b - a scroll of identify
 f - a scroll of summoning {unknown}
 g - a scroll of silence {unknown}
 i - a scroll of blinking {unknown}
 m - 4 scrolls of magic mapping
 n - 4 scrolls of fear
 q - 8 scrolls of teleportation
 s - 4 scrolls of enchant armour
 t - 6 scrolls of noise
 u - a scroll of fog
 w - 2 scrolls of vulnerability {unknown}
 x - 3 scrolls of immolation
 y - a scroll of brand weapon {unknown}
 D - a scroll of enchant weapon {unknown}
Potions
 h - 3 potions of invisibility
 j - a potion of cancellation {unknown}
 k - a potion of curing {unknown}
 l - 2 potions of lignification
 r - a potion of ambrosia {unknown}
 z - 2 potions of mutation {unknown}
 A - 4 potions of brilliance
 B - a potion of magic {unknown}
 C - a potion of flight {unknown}
 E - a potion of attraction {unknown}
 H - a potion of haste {unknown}
 K - a potion of resistance {unknown}


   Skills:
 - Level 6.9 Fighting
 * Level 12.4 Long Blades
 - Level 2.0 Throwing
 - Level 3.2 Dodging
 + Level 4.2 Invocations


You had 8 spell levels left.
You didn't know any spells.
Your spell library contained the following spells:

 Spells                   Type           Power      Damage    Failure   Level
 Sublimation of Blood     Necr           0%         N/A       87%         2
 Wereblood                Tmut           0%         N/A       87%         2
 Summon Hydra             Summ           Unusable   N/A       N/A         7

Dungeon Overview and Level Annotations

Branches:
Dungeon (7/15)             Temple (1/1) D:6         Ossuary (visited)

Altars:
Ashenzari
Cheibriados
Elyvilon
Fedhas
Gozag
Hepliaklqana
Kikubaaqudgha
Makhleb
Nemelex Xobeh
Okawaru
Ru
Sif Muna
Trog
Uskayaw
Wu Jian
Xom
Yredelemnul
Zin
The Shining One

Shops:
D:3 (?[:[

Annotations:
D:2 1 runed translucent door, Crazy Yiuf
D:5 2 transporters, kae's ghost, novice TrTm


Innate Abilities, Weirdness & Mutations

You have a pair of horns on your head.
You reflexively headbutt those who attack you in melee.


Message History

You don't know any spells.
Unknown command.
Okay, then.
Okay, then.
Throw: 2 throwing nets
Press: ? - help, Q - select action, (/) - cycle Shift-Dir - straight line, f - hornet
Aim: a hornet (moderately wounded, 48% to hit)
You throw a throwing net. The throwing net hits the hornet.
The hornet is caught in the net!
The hornet is moderately wounded.
You feel very sick.
The hornet struggles against the net. x2
You are too injured to fight recklessly!
You are too injured to fight recklessly!
You strike the helpless hornet from behind!
You hit the hornet but do no damage.
You headbutt the hornet, but do no damage.
The hornet is moderately wounded.
You feel sick.
The hornet struggles against the net.
The net rips apart, and the hornet comes free!
The hornet closely misses you. You furiously retaliate!
You headbutt the hornet! You hit the hornet but do no damage.
Your headbutt misses the hornet.
The hornet is severely wounded.
You feel sick. The hornet stings you.
* * * LOW HITPOINT WARNING * * *
You feel as though you will be slow longer.
The hornet stings you.
* * * LOW HITPOINT WARNING * * *
You are lethally poisoned!
You feel as though you will be slow longer.
Throw: throwing net
Press: ? - help, Q - select action, (/) - cycle Shift-Dir - straight line, f/p - hornet
Aim: a hornet (severely wounded, 48% to hit)
You throw a throwing net.
The throwing net closely misses the hornet.
* * * LOW HITPOINT WARNING * * *
You feel very sick. The hornet stings you!
You die...

# .#.# #.# # ..# #(#
#.# ####.# (.# #.#
....<# #.# #.# ####.#
#.# #.# .....# #.# #.#
.....### #.# #.#
.......# #y# #.#
###.#### ######@####.#
....<..............)..#
.##.#.##########.######
#.#... ...# #.# .##
##### ..# .# ### #


You could see a hornet.

Vanquished Creatures
  An orc warrior (D:5)
  An ice beast (D:5)
  4 necrophages
  An ogre (D:7)
  A bullfrog (D:7)
  5 kobold brigands (D:6)
  A water moccasin zombie (D:6)
  A wyvern skeleton (D:7)
  5 killer bees (D:7)
  3 centaur zombies
  A jelly (D:5)
  2 orc priests
  2 hounds
  A centaur skeleton (D:7)
  An iguana (D:7)
  4 human zombies (Ossuary)
  4 orc wizards
  A killer bee zombie (D:7)
  5 mummies (Ossuary)
  A howler monkey skeleton (D:7)
  3 adders
  11 gnolls
  2 ufetubi (D:5)
  A worm (D:2)
  7 dart slugs
  16 orcs
  6 bats
  6 endoplasms
  2 giant cockroaches
  2 goblins
  3 hobgoblins
  A quokka (D:2)
  6 ball pythons
  8 frilled lizards
  A goblin zombie (Ossuary)
  56 kobolds
  2 kobold zombies (Ossuary)
  An orc zombie (Ossuary)
  5 rats
184 creatures vanquished.

Notes
Turn   | Place    | Note
-------+----------+-------------------------------------------
     0 | D:1      | Crownlay the Minotaur Gladiator began the quest for the
                  | Orb.
     0 | D:1      | Reached XP level 1. HP: 18/18 MP: 0/0
   148 | D:1      | Reached skill level 4 in Long Blades
   271 | D:1      | Reached XP level 2. HP: 25/25 MP: 1/1
   336 | D:1      | Found a faded altar of an unknown god.
   641 | D:2      | Found a hazy altar of Hepliaklqana.
   717 | D:2      | Reached XP level 3. HP: 31/31 MP: 2/2
  1077 | D:2      | Reached skill level 5 in Long Blades
  1406 | D:2      | Found a runed translucent door.
  1407 | D:2      | Noticed Crazy Yiuf
  1624 | D:3      | Found Fapnorea's Book Boutique.
  1700 | D:3      | Found Lamonai's Antique Armour Shoppe.
  1718 | D:3      | Reached XP level 4. HP: 27/40 MP: 3/3
  2420 | D:3      | Found Ohetrudd's Weapon Shoppe.
  2425 | D:3      | Reached skill level 6 in Long Blades
  2471 | D:3      | Found Tyre's Armour Boutique.
  2786 | D:3      | Found Miomak's Magic Scroll Emporium.
  2791 | D:3      | Bought a scroll of teleportation for 30 gold pieces
  2791 | D:3      | Bought a scroll of noise for 10 gold pieces
  2791 | D:3      | Bought a scroll of identify for 20 gold pieces
  2791 | D:3      | Bought a scroll of fog for 20 gold pieces
  3116 | D:4      | Reached XP level 5. HP: 41/46 MP: 4/4
  3546 | D:4      | Reached skill level 7 in Long Blades
  3546 | D:4      | Reached XP level 6. HP: 8/53 MP: 5/5
  3652 | D:4      | Reached skill level 5 in Fighting
  4238 | D:5      | Entered Level 5 of the Dungeon
  4251 | D:5      | Found a sand-covered staircase.
  4272 | Ossuary  | Entered an ossuary
  4440 | Ossuary  | Reached skill level 8 in Long Blades
  4503 | Ossuary  | Reached XP level 7. HP: 32/61 MP: 6/6
  4926 | D:5      | Found a transporter.
  4964 | D:5      | Found a transporter.
  4967 | D:5      | Noticed kae's ghost (novice TrTm)
  5077 | D:5      | Found a blossoming altar of Fedhas.
  5441 | D:5      | Reached skill level 9 in Long Blades
  6039 | D:6      | Reached skill level 10 in Long Blades
  6039 | D:6      | Reached XP level 8. HP: 70/71 MP: 7/7
  6165 | D:6      | Found a staircase to the Ecumenical Temple.
  6175 | Temple   | Entered the Ecumenical Temple
  6322 | Temple   | Became a worshipper of Warmaster Okawaru
  6633 | D:6      | Reached skill level 1 in Invocations
  7082 | D:6      | Reached skill level 11 in Long Blades
  8298 | D:7      | Reached * piety under Okawaru
  8552 | D:7      | Reached skill level 12 in Long Blades
  8552 | D:7      | Reached XP level 9. HP: 65/78 MP: 10/10
  9119 | D:7      | Slain by a hornet

Illustrated notes

Levels and vault maps discovered:
D:1:      dpeg_arrival_tiny_j, layout_loops_cross,
          ebering_ecumenical_altar_rust, minmay_tall_x
D:2:      layout_loops_cross, basic_altar, uniq_crazy_yiuf_cottage
D:3:      layout_loops_ring, serial_shops, shop,
          nicolae_shop_bloodbath_and_beyond, shop, nicolae_shop_statue_plus,
          shop, serial_rivers, chequers_serial_rivers_large_a,
          chequers_serial_rivers_micro_e, chequers_serial_rivers_large_b,
          chequers_serial_rivers_micro_d, chequers_serial_rivers_small_3
D:4:      layout_loops_ring, nrook_uturn
D:5:      layout_rooms, fedhas_altar_fruit_tree, nicolae_ossuary_entry_ruins,
          gammafunk_ghost_mausoleum
D:6:      minmay_goblin_kobold_castle, layout_basic,
          minmay_temple_entry_junction
D:7:      layout_basic, lightli_orcish_oven
Temple:   mainiacjoe_temple_hex_bubbles

Skill      XL: |  1  2  3  4  5  6  7  8  9 |
---------------+----------------------------+-----
Long Blades    | 4 5 6 7 8 10 12 | 12.4
Fighting       | 3 4 5 6 |  6.9
Invocations    | 3 4 |  4.2
Throwing       | |  2.0
Dodging        | |  3.2

Action                   |  1- 3 |  4- 6 |  7- 9 || total
-------------------------+-------+-------+-------++-------
Melee: Long sword        |    73 |   125 |   224 ||   422
       Headbutt          |    13 |    22 |    39 ||    74
       Punch             |       |     1 |     2 ||     3
Throw: Boomerang         |       |     9 |    22 ||    31
       Throwing net      |       |       |     3 ||     3
  Use: Potion            |     1 |     1 |       ||     2
       Scroll            |       |     2 |     4 ||     6
 Stab: Held in net/web   |       |       |     1 ||     1
Armor: Scale mail        |    34 |    32 |    70 ||   136
       Skin              |     5 |    19 |       ||    24
Dodge: Dodged            |    39 |    43 |   137 ||   219

Table legend: (Time is in decaauts)
 A = Elapsed time spent in this place.
 B = Non-inter-level travel time spent in this place.
 C = Inter-level travel time spent in this place.
 D = Time resting spent in this place.
 E = Time spent auto-exploring this place.
 F = Levels seen in this place.
 G = Mean time per level.
                   A        B        C        D        E       F      G
               +--------+--------+--------+--------+--------+-----+--------+
         Total |   9171 |   8601 |    570 |      0 |   7320 |   9 | 1019.0 |
       Dungeon |   8473 |   7932 |    541 |      0 |   6808 |   7 | 1210.4 |
        Temple |    176 |    147 |     29 |      0 |    140 |   1 |  176.0 |
       Ossuary |    521 |    521 |      0 |      0 |    372 |   1 |  521.0 |
               +--------+--------+--------+--------+--------+-----+--------+

Top non-repeatable levels by time:
     D:6: 1863 daAuts
     D:4: 1406 daAuts
     D:3: 1380 daAuts
     D:2: 1182 daAuts
     D:5: 1104 daAuts
     D:7: 945 daAuts
     D:1: 589 daAuts
 Ossuary: 521 daAuts
  Temple: 176 daAuts
